Unix NetHack Version 5.0.0-0 post-release - last build Jul 19 2026 19:10:59 (3aa4ab31751d3886436d94b585a96704892fd477,branch:main).

Game began 2026-07-30 13:53:28, ended 2026-07-30 14:21:06.

Fendoran, neutral male human Archeologist

                                                 ...
                                                 .<.
                                                 ...


                                                                      G..
                                                                      G@G
                                                                      --.

Fendoran the Field Worker  St:11 Dx:10 Co:13 In:15 Wi:16 Ch:11  Neutral
Dlvl:4  $:1305 HP:0(31) Pw:11(11) AC:9  Xp:3 T:1696 

Latest messages:
 This jackal corpse is fatty.
 You stop eating the jackal corpse.
 You lash the gecko.
 The gecko bites!
 You lash the goblin.
 The goblin hits!
 You kill the goblin!
 You kill the gecko!
 You lash the gecko.
 You lash the gecko.
 The gecko bites!
 You kill the gecko!
 There is a doorway here.
 You see here a partly eaten jackal corpse.
 There is a partly eaten jackal corpse here; eat it? [ynq] (n)
 You resume your meal.
 You stop eating the jackal corpse.
 You kill the large kobold!
 You see here a large kobold corpse.
 There is a doorway here.
 You see here a partly eaten jackal corpse.
 There is a partly eaten jackal corpse here; eat it? [ynq] (n)
 You resume your meal.
 You finish eating the jackal corpse.
 You lash the red mold.
 You descend the stairs.
 You kill the jackal!
 You kill the jackal!
 You see here a jackal corpse.
 You hear the chime of a cash register.
 You descend the stairs.
 What do you want to read? [jlmwz or ?*]
 You know "magic mapping" quite well already.
 Refresh your memory anyway? [yn] (n)
 You feel a wrenching sensation.
 You materialize in a different location!
 The spellbook crumbles to dust!
 The gnome hits!
 The gnome hits!
 The gnome hits!
 The gnome hits!
 The gnome hits!
 The gnome hits!
 The gnome hits!
 The gnome hits!
 The gnome hits!
 The gnome hits!
 The gnome hits!
 You die...
 Do you want your possessions identified? [ynq] (y)

Inventory:
 Coins    ('$')
  $ - 1305 gold pieces
 Weapons  (')')
  q - 7 +0 darts
  u - 10 +0 shuriken
  k - a +0 knife
  n - a +0 orcish dagger
  a - a +2 bullwhip (weapon in left hand)
 Armor    ('[')
  c - an uncursed +0 fedora (being worn)
  b - an uncursed +0 leather jacket (being worn)
 Comestibles  ('%')
  y - an uncursed slime mold
  d - 4 uncursed food rations
 Scrolls  ('?')
  l - a blessed scroll of enchant armor
  w - an uncursed scroll of remove curse
  z - an uncursed scroll of scare monster
 Spellbooks  ('+')
  m - an uncursed spellbook of knock
 Potions  ('!')
  B - an uncursed potion of extra healing
 Rings    ('=')
  v - an uncursed ring of shock resistance
 Wands    ('/')
  A - a wand of polymorph (0:6)
 Tools    ('(')
  h - an empty uncursed sack
  t - an uncursed mirror
  e - a +0 pick-axe (alternate weapon; not wielded)
  f - a tinning kit (0:72)
 Gems/Stones  ('*')
  p - an uncursed worthless piece of red glass
  g - an uncursed touchstone

Fendoran the Archeologist's attributes:

Background:
 You were a Field Worker, a level 3 male human Archeologist.
 You were neutral, nominally on a mission for Camaxtli
 who was opposed by Quetzalcoatl (lawful) and Huhetotl (chaotic).
 You were left-handed.
 You were in the Gnomish Mines, on level 4.
 You entered the dungeon 1696 turns ago.
 There was a full moon in effect when your adventure ended.
 You had 78 experience points, 2 more were needed to attain level 4.

Basics:
 You had 0 out of 31 hit points.
 You had all 11 energy points (spell power).
 Your armor class was 9.
 Your wallet contained 1305 zorkmids.
 Autopickup was off.

Final Characteristics:
 Your strength was 11 (limit:18/100).
 Your dexterity was 10 (limit:18).
 Your constitution was 13 (limit:18).
 Your intelligence was 15 (limit:18).
 Your wisdom was 16 (limit:18).
 Your charisma was 11 (limit:18).

Final Status:
 You weren't hungry.
 You were unencumbered.
 You were wielding a whip.
 You had basic skill with whip.

Final Attributes:
 You were devoutly aligned.
 You had automatic searching.
 You were lucky.
 You are dead.

Miscellaneous:
 You didn't encounter any bones levels.
 Total elapsed playing time was 27 minutes and 35 seconds.

Major events:
 Turn
    1: Fendoran the neutral male human Archeologist entered the dungeon
 1455: attained the rank of Field Worker (level 3)
 1677: entered the Gnomish Mines
 1696: killed by a gnome, while reading a book

Spells:
 Name                 Level Category     Fail Retention
 magic mapping          5   divination   100%  76%-100%

Skills:
 Fighting Skills
   bare handed combat [Unskilled]
   two weapon combat  [Unskilled]
   riding             [Unskilled]
 Weapon Skills
   dagger             [Unskilled]
   knife              [Unskilled]
   pick-axe           [Basic]
   short sword        [Unskilled]
   saber              [Unskilled]
   club               [Unskilled]
   quarterstaff       [Unskilled]
   sling              [Unskilled]
   dart               [Unskilled]
   boomerang          [Unskilled]
   whip               [Basic]
   unicorn horn       [Unskilled]
 Spellcasting Skills
   attack spells      [Unskilled]
   healing spells     [Unskilled]
   divination spells  [Unskilled]
   matter spells      [Unskilled]

Voluntary challenges:
 Character rerolling was not enabled.
 You were an atheist.
 You never genocided any monsters.
 You never polymorphed an object.
 You never changed form.
 You used no wishes.
Achievements:
 You attained the rank of Field Worker.
 You entered the Gnomish Mines.

 The Dungeons of Doom: levels 1 to 3
    Level 1:
       A sink.
    Level 2:
    Level 3:
       Stairs down to The Gnomish Mines.
 The Gnomish Mines:
    Level 4: <- You were here.
       Final resting place for
          you, killed by a gnome, while reading a book.


Vanquished creatures:
  a little dog
  a large kobold
  a giant rat
  5 geckos
  6 jackals
  2 kobolds
  3 goblins
  4 sewer rats
  5 lichens
  a kobold zombie
  5 newts
34 creatures vanquished.

No species were genocided or became extinct.

Game over:
                       ----------
                      /          \
                     /    REST    \
                    /      IN      \
                   /     PEACE      \
                  /                  \
                  |     Fendoran     |
                  |     1305 Au      |
                  |   killed by a    |
                  |      gnome       |
                  |                  |
                  |                  |
                  |       2026       |
                 *|     *  *  *      | *
        _________)/\\_//(\/(/\)/\//\/|_)_______

Goodbye Fendoran the Archeologist...

You died in The Gnomish Mines on dungeon level 4 with 1667 points,
and 1305 pieces of gold, after 1696 moves.
You were level 3 with a maximum of 31 hit points when you died.

